 Dungeon Crawl Stone Soup version 0.28.0-45-g0d030f2227 (webtiles) character file.

Game seed: 13074061119223035178

52 Iusername the Bolt Thrower (level 3, 0/30 HPs)
             Began as a Minotaur Hunter on Apr 4, 2022.
             Slain by a quokka (3 damage)
             ... on level 2 of the Dungeon.
             The game lasted 00:04:46 (849 turns).

Iusername the Bolt Thrower (Minotaur Hunter)         Turns: 849, Time: 00:04:47

Health: 0/30       AC:  3    Str: 16    XL:     3   Next: 60%
Magic:  2/2        EV: 12    Int: 10    God:
Gold:   12         SH:  0    Dex: 10    Spells: 2/2 levels left

rFire   . . .      SeeInvis .   a - +1 hand crossbow
rCold   . . .      Faith    .   (no shield)
rNeg    . . .      Spirit   .   c - +0 leather armour
rPois   .          Reflect  .   (helmet restricted)
rElec   .          Harm     .   (no cloak)
rCorr   .          Rampage  .   (no gloves)
Will    .....                   (no boots)
Stlth   +.........              (no amulet)
HPRegen 0.10/turn               (no ring)
MPRegen 0.08/turn               (no ring)

@: no status effects
A: horns 2, retaliatory headbutt
a: no special abilities


You were on level 2 of the Dungeon.
You visited 1 branch of the dungeon, and saw 2 of its levels.

You collected 12 gold pieces.

Inventory:

Hand Weapons
 a - a +1 hand crossbow (weapon)
 b - a +0 short sword
 j - a +0 falchion
Missiles
 d - 10 bolts (quivered ammo)
Armour
 c - a +0 leather armour (worn)
Scrolls
 g - a scroll of enchant armour {unknown}
 h - a scroll of amnesia {unknown}
 k - a scroll of teleportation {unknown}
 l - a scroll of identify {unknown}
Potions
 e - a potion of curing {unknown}
 f - 2 potions of brilliance {unknown}
 i - a potion of berserk rage {unknown}


   Skills:
 + Level 2.7 Fighting
 + Level 5.5 Crossbows
 + Level 0.5 Armour
 + Level 2.5 Dodging
 + Level 0.7 Stealth


You had 2 spell levels left.
You didn't know any spells.
Your spell library was empty.

Dungeon Overview and Level Annotations

Branches:
Dungeon (2/15)

Altars:


Innate Abilities, Weirdness & Mutations

You have a pair of horns on your head.
You reflexively headbutt those who attack you in melee.


Message History

You shoot a bolt. The bolt hits the adder!
You kill the adder!
The goblin hits you with a +0 dagger. The quokka bites you.
The goblin hits you with a +0 dagger.
The quokka bites you but does no damage.
You are too injured to fight recklessly!
You are too injured to fight recklessly!
You are too injured to fight recklessly!
You are too injured to fight recklessly!
You are too injured to fight recklessly!
You are too injured to fight recklessly!
You are too injured to fight recklessly!
Things that are here:
a bolt; an adder corpse You clumsily bash the quokka but do no damage.
The quokka barely misses you. The goblin hits you with a +0 dagger.
* * * LOW HITPOINT WARNING * * *
The goblin hits you with a +0 dagger.
* * * LOW HITPOINT WARNING * * *
The quokka bites you.
* * * LOW HITPOINT WARNING * * *
The quokka bites you but does no damage.
Things that are here:
a bolt; an adder corpse You barely miss the goblin.
The quokka barely misses you. You furiously retaliate!
You headbutt the quokka, but do no damage.
The goblin hits you but does no damage. The quokka barely misses you.
The goblin barely misses you. The quokka barely misses you.
The quokka bites you but does no damage.
The goblin closely misses you. The quokka barely misses you.
You furiously retaliate!
You headbutt the quokka.
You kill the quokka!
The quokka misses you. The goblin hits you but does no damage.
You see here a quokka corpse.
The quokka bites you but does no damage.
The quokka barely misses you. The goblin hits you but does no damage.
The quokka bites you.
You die...

#. ......
.#####.....# ##
.......#.#
##.##.....#..#####
.............#...##
#...............#
#..............
#.@?..........
###..r..........
#....g†..(......
#..#....(........
#.##....#.#......
#. ##...#.# ..... .
##..#.# .... .
#....# ...
#...#...# ..


You could see a quokka and a goblin.

Vanquished Creatures
  An adder (D:2)
  3 dart slugs
  4 endoplasms (D:1)
  A giant cockroach (D:1)
  7 goblins (D:1)
  3 hobgoblins (D:1)
  3 quokkas
  2 ball pythons (D:1)
  3 bats
  3 kobolds (D:1)
  2 rats (D:1)
32 creatures vanquished.

Notes
Turn   | Place    | Note
-------+----------+-------------------------------------------
     0 | D:1      | Iusername the Minotaur Hunter began the quest for the Orb.
     0 | D:1      | Reached XP level 1. HP: 18/18 MP: 0/0
    94 | D:1      | Reached XP level 2. HP: 23/25 MP: 1/1
   167 | D:1      | Reached skill level 5 in Crossbows
   474 | D:1      | Reached XP level 3. HP: 30/30 MP: 2/2
   849 | D:2      | Slain by a quokka

Illustrated notes

Levels and vault maps discovered:
D:1:      minmay_arrival_diagonal_passages, layout_loops_ring
D:2:      layout_rooms, minmay_misc_feat_tiny

Skill      XL: |  1  2 |
---------------+-------+-----
Crossbows      | 5 |  5.5
Fighting       | |  2.7
Armour         | |  0.5
Dodging        | |  2.5
Stealth        | |  0.7

Action                   || total
-------------------------++-------
Melee: Hand crossbow     ||     6
       Headbutt          ||     2
 Fire: Hand crossbow     ||    53
Armor: Leather armour    ||    17
Dodge: Dodged            ||    30
